 Dungeon Sprint DCSS version 0.27-a0-1140-g099f9bb0e8 (webtiles) character file.

Game seed: 11363159240035754647

688 mhtbhm the Thaumaturge (level 7, -2/36 HPs)
             Began as a Deep Elf Fire Elementalist on May 9, 2021.
             Was a High Priest of Vehumet.
             Slain by a red devil
             ... wielding a +0 trident
              (25 damage)
             ... in the Dungeon (Sprint VII: "The Pits").
             The game lasted 00:05:13 (1512 turns).

mhtbhm the Thaumaturge (Deep Elf Fire Elementalist) Turns: 1512, Time: 00:05:13

Health: -2/36      AC:  2    Str:  5    XL:     7   Next: 36%
Magic:  12/24      EV: 15    Int: 22    God:    Vehumet [*****.]
Gold:   0          SH:  0    Dex: 15    Spells: 7/29 levels left

rFire    . . .     SeeInvis .   k - +3 flail (protect)
rCold    . . .     Faith    .   (no shield)
rNeg     . . .     Spirit   .   a - +0 robe
rPois    .         Reflect  .   (no helmet)
rElec    .         Harm     .   (no cloak)
rCorr    .         Rampage  .   (no gloves)
Will     .....     NoTele   +   (no boots)
Stlth    ++........             (no amulet)
HPRegen  0.12/turn              (no ring)
MPRegen  0.19/turn              (no ring)

@: no status effects
A: no striking features
a: Renounce Religion


You were in the Dungeon.
You worshipped Vehumet.
Vehumet was extremely pleased with you.
You visited 1 branch

Inventory:

Hand Weapons
 k - a +3 flail of protection (weapon)
Armour
 a - a +0 robe (worn)
Wands
 e - a wand of polymorph (5)
Scrolls
 i - 5 scrolls of amnesia
Potions
 b - 2 potions of invisibility
 c - 6 potions of curing
 d - a potion of heal wounds
 f - 3 potions of magic
 g - 3 potions of berserk rage


   Skills:
 - Level 0.1 Fighting
 + Level 6.9 Dodging
 - Level 2.5 Stealth
 + Level 11.8 Spellcasting
 + Level 7.5 Conjurations
 + Level 0.3 Hexes
 + Level 11.3 Fire Magic
 + Level 0.8 Earth Magic


You had 7 spell levels left.
You knew the following spells:

 Your Spells              Type           Power      Damage    Failure   Level
a - Foxfire               Conj/Fire      100%       2x1d9     1%          1
b - Sandblast             Erth           32%        2d9       1%          1
c - Inner Flame           Hex/Fire       38%        N/A       1%          3
d - Sticky Flame          Conj/Fire      53%        2d7       1%          4
e - Fireball              Conj/Fire      26%        3d12      1%          5
f - Stone Arrow           Conj/Erth      62%        3d10      1%          3
g - Lightning Bolt        Conj/Air       14%        1d28      9%          5

Your spell library contained the following spells:

 Spells                   Type           Power      Damage    Failure   Level
 Conjure Flame            Conj/Fire      53%        6-21      1%          3


Dungeon Overview and Level Annotations

Branches:
Dungeon (1/1)

Altars:
Ashenzari
Cheibriados
Dithmenos
Elyvilon
Fedhas
Gozag
Hepliaklqana
Kikubaaqudgha
Makhleb
Nemelex Xobeh
Okawaru
Qazlal
Ru
Sif Muna
Trog
Uskayaw
Vehumet
Wu Jian
Xom
Yredelemnul
Zin
The Shining One
Beogh
Jiyva
Lugonu


Message History

Aim: a red devil, wielding a +0 trident (64% to hit)
The stone arrow hits the red devil!!
The red devil is severely wounded.
You hear a shout!
Unknown command.
Unknown command.
There is an open door, spattered with blood here.
Casting: Stone Arrow (safe; 1% risk of failure)
Confirm with . or Enter, or press ? or * to list all spells.
Aiming: Stone Arrow (safe; 1% risk of failure)
Press: ? - help, Shift-Dir - straight line, f/p - red devil
Aim: a red devil, wielding a +0 trident (severely wounded, 64% to hit)
The stone arrow hits the red devil.
The red devil is almost dead.
The red devil hits you from afar with a +0 trident!
Unknown command.
Unknown command.
Casting: Stone Arrow (safe; 1% risk of failure)
Confirm with . or Enter, or press ? or * to list all spells.
Aiming: Stone Arrow (safe; 1% risk of failure)
Press: ? - help, Shift-Dir - straight line, f/p - red devil
Aim: a red devil, wielding a +0 trident (almost dead, 64% to hit)
The stone arrow misses the red devil.
The red devil barely misses you.
Unknown command.
Unknown command.
Casting: Stone Arrow (safe; 1% risk of failure)
Confirm with . or Enter, or press ? or * to list all spells.
Aiming: Fireball (dangerous; 1% risk of failure)
Press: ? - help, Shift-Dir - straight line, f - orc, p - red devil
Aim: an orc, wielding a +0 short sword The fireball explodes!
The fireball engulfs the red devil.
The red devil completely resists.
The red devil is almost dead.
The fireball engulfs the orc!!
You kill the orc!
Vehumet accepts your kill.
You feel your power returning.
The red devil hits you from afar with a +0 trident!!
Ouch! That really hurt!
You die...

#.#...)))[.##.......#
#'###########.......#
#.......#.. #########
#..#.#..#.# ####
#)##.##.#.#....#
#.......#'#....#
#.##.##.#.4C...+
#..#.#..#'#....#
#.......@.# .C.#
########### ###


You could see a cyclops and a red devil.

Vanquished Creatures
  A hellwing (D)
  Edmund (D)
  A warg (D)
  A phantom (D)
  2 jellies (D)
  A quasit (D)
  An adder (D)
  A white imp (D)
  An ufetubus (D)
  An adder zombie (D)
  An orc (D)
  2 giant cockroaches (D)
  A hobgoblin (D)
  A ball python (D)
  2 frilled lizards (D)
  2 giant cockroach zombies (D)
  A goblin (D)
  A rat (D)
22 creatures vanquished.

Vanquished Creatures (collateral kills)
  Ijyb (D)
1 creature vanquished.

Vanquished Creatures (others)
  72 foxfires (D)
72 creatures vanquished.

Grand Total: 95 creatures vanquished

Notes
Turn   | Place    | Note
-------+----------+-------------------------------------------
     0 | D        | mhtbhm the Deep Elf Fire Elementalist began the quest for
                  | the Orb.
     0 | D        | Reached XP level 1. HP: 10/10 MP: 6/6
    25 | D        | Found a bloodstained altar of Trog.
    25 | D        | Found a shimmering blue altar of Sif Muna.
    25 | D        | Found a viscous altar of Jiyva.
    25 | D        | Found a hazy altar of Hepliaklqana.
    25 | D        | Found an opulent altar of Gozag.
    26 | D        | Found a glowing golden altar of the Shining One.
    26 | D        | Found a glowing silver altar of Zin.
    26 | D        | Found a basalt altar of Yredelemnul.
    26 | D        | Found a shimmering altar of Xom.
    26 | D        | Found an ornate altar of the Wu Jian Council.
    26 | D        | Found a sacrificial altar of Ru.
    26 | D        | Found a stormy altar of Qazlal.
    26 | D        | Found an iron altar of Okawaru.
    26 | D        | Found a sparkling altar of Nemelex Xobeh.
    26 | D        | Found a burning altar of Makhleb.
    26 | D        | Found a blossoming altar of Fedhas.
    26 | D        | Found a white marble altar of Elyvilon.
    26 | D        | Found a shadowy altar of Dithmenos.
    26 | D        | Found a snail-covered altar of Cheibriados.
    28 | D        | Found a radiant altar of Vehumet.
    28 | D        | Found a corrupted altar of Lugonu.
    29 | D        | Found a hide-covered altar of Uskayaw.
    29 | D        | Found an ancient bone altar of Kikubaaqudgha.
    29 | D        | Found a broken altar of Ashenzari.
    36 | D        | Became a worshipper of Vehumet
   102 | D        | Reached XP level 2. HP: 15/15 MP: 5/9
   164 | D        | Reached * piety under Vehumet
   164 | D        | Offered knowledge of Sandblast by Vehumet.
   165 | D        | Reached skill level 5 in Fire Magic
   170 | D        | Learned a level 1 spell: Sandblast
   427 | D        | Reached ** piety under Vehumet
   427 | D        | Offered knowledge of Poisonous Vapours by Vehumet.
   587 | D        | Noticed Ijyb
   616 | D        | Offered knowledge of Ignite Poison by Vehumet.
   616 | D        | Reached *** piety under Vehumet
   617 | D        | Reached skill level 5 in Spellcasting
   617 | D        | Reached XP level 3. HP: 19/19 MP: 7/12
   623 | D        | Learned a level 3 spell: Inner Flame
   765 | D        | Noticed a warg
   769 | D        | Noticed Edmund
   814 | D        | Killed a warg
   814 | D        | Offered knowledge of Airstrike by Vehumet.
   815 | D        | Reached skill level 5 in Dodging
   815 | D        | Reached XP level 4. HP: 24/24 MP: 5/16
   815 | D        | Reached XP level 5. HP: 28/28 MP: 5/17
   856 | D        | Killed Edmund
   856 | D        | Reached **** piety under Vehumet
   857 | D        | Reached skill level 5 in Conjurations
   857 | D        | Reached XP level 6. HP: 27/32 MP: 15/20
   903 | D        | Killed Ijyb
   904 | D        | Reached skill level 10 in Fire Magic
  1101 | D        | Learned a level 4 spell: Sticky Flame
  1107 | D        | Learned a level 5 spell: Fireball
  1127 | D        | Offered knowledge of Stone Arrow by Vehumet.
  1128 | D        | Reached skill level 10 in Spellcasting
  1153 | D        | Learned a level 3 spell: Stone Arrow
  1155 | D        | Noticed a hellwing
  1160 | D        | Killed a hellwing
  1161 | D        | Reached XP level 7. HP: 23/36 MP: 4/23
  1284 | D        | Reached ***** piety under Vehumet
  1284 | D        | Offered knowledge of Lightning Bolt by Vehumet.
  1504 | D        | Learned a level 5 spell: Lightning Bolt
  1506 | D        | Noticed a red devil
  1506 | D        | Noticed a cyclops
  1512 | D        | Slain by a red devil

Illustrated notes

Levels and vault maps discovered:
D:        pitsprint [storerooms_1, entrance_room_1, metal_vault_5, armoury_2,
          mini_pit_1, grid_room_1, main_hall_1, silver_pit, the_coven_1,
          the_vestibule_1, steel_vault_2, golden_pit, hallway_of_sentries,
          crystal_vault_1, iron_vault_2, final_vault]

Skill      XL: |  1  2  3  4  5  6 |
---------------+-------------------+-----
Dodging        | 3 5 6 |  6.9
Spellcasting   | 4 5 8 9 11 | 11.8
Fire Magic     | 4 6 8 9 11 | 11.3
Conjurations   | 2 4 5 7 |  7.5
Fighting       | |  0.1
Stealth        | |  2.5
Hexes          | |  0.3
Earth Magic    | |  0.8

Action                   |  1- 3 |  4- 6 |  7- 9 || total
-------------------------+-------+-------+-------++-------
Melee: Trident           |     2 |       |       ||     2
 Cast: Foxfire           |    37 |    14 |       ||    51
       Stone Arrow       |       |     3 |     3 ||     6
       Fireball          |       |     1 |     6 ||     7
       Sticky Flame      |       |     1 |       ||     1
       Inner Flame       |       |       |     1 ||     1
  Use: Potion            |     6 |     1 |       ||     7
       Scroll            |       |     1 |     1 ||     2
Armor: Robe              |     2 |     1 |       ||     3
Dodge: Dodged            |    17 |     6 |     2 ||    25

Table legend: (Time is in decaauts)
 A = Elapsed time spent in this place.
 B = Non-inter-level travel time spent in this place.
 C = Inter-level travel time spent in this place.
 D = Time resting spent in this place.
 E = Time spent auto-exploring this place.
 F = Levels seen in this place.
 G = Mean time per level.
                   A        B        C        D        E       F      G
               +--------+--------+--------+--------+--------+-----+--------+
         Total |   1482 |   1482 |      0 |    993 |      0 |   1 | 1482.0 |
       Dungeon |   1482 |   1482 |      0 |    993 |      0 |   1 | 1482.0 |
               +--------+--------+--------+--------+--------+-----+--------+

Top non-repeatable levels by time:
       D: 1482 daAuts
